 Dungeon Crawl Stone Soup version 0.21.1-1-g345015f (webtiles) character file.

158 Solrac the Skirmisher (level 5, 0/47 HPs)
             Began as a Hill Orc Fighter on Mar 13, 2018.
             Was an Initiate of the Shining One.
             Slain by an orc wizard
             ... wielding a +0 dagger
              (4 damage)
             ... on level 3 of the Dungeon.
             The game lasted 00:08:23 (2336 turns).

Solrac the Skirmisher (Hill Orc Fighter)            Turns: 2336, Time: 00:08:24

Health: 0/47       AC:  8    Str: 19    XL:     5   Next: 39%
Magic:  5/5        EV:  7    Int:  8    God:    the Shining One [......]
Gold:   107        SH:  0    Dex: 11    Spells: 4/4 levels left

rFire    . . .     SeeInvis .   a - +0 flail
rCold    . . .     Gourm    .   c - +0 shield
rNeg     . . .     Faith    .   b - +0 scale mail
rPois    .         Spirit   .   (no helmet)
rElec    .         Reflect  .   (no cloak)
rCorr    .         Harm     .   n - +0 pair of gloves
MR       .....                  (no boots)
Stlth    ..........             (no amulet)
HPRegen  0.15/turn              (no ring)
MPRegen  0.09/turn              (no ring)

@: confused, lethally poisoned (0 -> -1), glowing
A: no striking features
a: Renounce Religion


You were on level 3 of the Dungeon.
You worshipped the Shining One.
The Shining One was noncommittal.
You were not hungry.

You visited 1 branch of the dungeon, and saw 3 of its levels.

You collected 107 gold pieces.

Inventory:

Hand Weapons
 a - a +0 flail (weapon)
Missiles
 j - 107 stones (quivered)
Armour
 b - a +0 scale mail (worn)
 c - a +0 shield (worn)
 n - a +0 pair of gloves (worn)
Scrolls
 k - a scroll of magic mapping {unknown}
 o - 2 scrolls of enchant armour
 p - a scroll of enchant weapon {unknown}
Potions
 d - a potion of might
 e - a potion of berserk rage {unknown}
 h - 2 potions of mutation {unknown}
 i - a potion of ambrosia {unknown}
 l - 3 potions of curing {unknown}
 m - 2 potions of heal wounds {unknown}
Comestibles
 f - 6 rations
 g - 3 chunks of flesh


   Skills:
 + Level 4.5 Fighting
 * Level 4.1 Maces & Flails
 + Level 4.1 Armour
 + Level 4.1 Shields


You had 4 spell levels left.
You didn't know any spells.

Dungeon Overview and Level Annotations

Branches:
Dungeon (3/15)

Altars:
Cheibriados
Elyvilon
Ru
The Shining One


Message History

The orc wizard gestures at you while chanting.
You are confused.
The orc wizard hits you with a dagger.
* * * LOW HITPOINT WARNING * * *
The orc wizard hits you but does no damage.
The orc wizard barely misses you.
The orc wizard hits you but does no damage.
The orc wizard mumbles some strange words.
The orc wizard flickers and vanishes!
Deactivating autopickup; reactivate with Ctrl-A.
Items here: $ ( ) † a poisoned needle; a whip; 17 gold pieces; a kobold corpse You miss the orc wizard.
The orc wizard barely misses you. The orc wizard hits you with a dagger.
* * * LOW HITPOINT WARNING * * *
You miss the orc wizard.
The orc wizard is no longer moving quickly.
The orc wizard hits you but does no damage.
Something hits you.
You die...

#....... ##.......
...>... .# .....#
.# ....# .# ...#
.# ##).##.#####
#.).#......#
#(o@#......#
#..(#......## #.#
#...........#
#.#.##...#.).....#
#.#......#.......#
#.####...#.......#
#.# #...........#
#.# ##...........#
#.###..P..⌠......#


You could see an orc wizard.

Vanquished Creatures
  2 orc priests (D:3)
  3 gnolls (D:2)
  An adder (D:3)
  An ooze (D:1)
  3 worms (D:2)
  2 dart slugs (D:1)
  4 orcs (D:3)
  3 bats
  5 giant cockroaches
  3 goblins
  3 hobgoblins
  4 kobolds
  A quokka (D:2)
  A ball python (D:2)
  2 frilled lizards
  7 rats
45 creatures vanquished.

Notes
Turn   | Place    | Note
-------+----------+-------------------------------------------
     0 | D:1      | Solrac the Hill Orc Fighter began the quest for the Orb.
     0 | D:1      | Reached XP level 1. HP: 19/19 MP: 1/1
   102 | D:1      | Reached XP level 2. HP: 27/27 MP: 2/2
   798 | D:1      | Reached XP level 3. HP: 4/33 MP: 3/3
  1479 | D:2      | Reached XP level 4. HP: 38/40 MP: 4/4
  1622 | D:2      | Found a snail-covered altar of Cheibriados.
  1628 | D:2      | Found a sacrificial altar of Ru.
  1946 | D:3      | Found a white marble altar of Elyvilon.
  2249 | D:3      | Reached XP level 5. HP: 44/47 MP: 5/5
  2271 | D:3      | Found a glowing golden altar of the Shining One.
  2274 | D:3      | Became a worshipper of the Shining One
  2336 | D:3      | Slain by an orc wizard

Skill      XL: |  1  2  3  4  5 |
---------------+----------------+-----
Fighting       | 4 |  4.5
Maces & Flails | 3 4 |  4.1
Armour         | 4 |  4.1
Shields        | 4 |  4.1

Action                   |  1- 3 |  4- 6 || total
-------------------------+-------+-------++-------
Melee: Flail             |    97 |    99 ||   196
  Use: Scroll            |     2 |       ||     2
  Eat: Chunk             |     2 |     3 ||     5
Armor: Scale mail        |    51 |    40 ||    91
Dodge: Dodged            |    29 |    32 ||    61
Block: Shield            |    52 |    61 ||   113
